 Dungeon Crawl Stone Soup version 0.27.0-1-g7a089689b8 (webtiles) character file.

Game seed: 9323361029439167305

11135 Ijustatesigmund the Cleaver (level 11, -1/105 HPs)
             Began as a Hill Orc Fighter on Aug 16, 2021.
             Was a High Priest of Cheibriados.
             Slain by a basilisk (6 damage)
             ... while petrified by a basilisk
             ... on level 11 of the Dungeon.
             The game lasted 00:18:47 (12529 turns).

Ijustatesigmund the Cleaver (Hill Orc Fighter)     Turns: 12529, Time: 00:18:48

Health: -1/105     AC: 13    Str: 31    XL:     11   Next: 73%
Magic:  19/19      EV:  2    Int: 26    God:    Cheibriados [*****.]
Gold:   644        SH:  0    Dex: 27    Spells: 10/10 levels left

rFire    . . .     SeeInvis .   k - +4 war axe of Deflation {drain, rC+}
rCold    + . .     Faith    .   c - +0 kite shield
rNeg     + + +     Spirit   .   b - +0 chain mail
rPois    ∞         Reflect  .   (no helmet)
rElec    .         Harm     .   f - +0 cloak {Stlth+}
rCorr    .         Rampage  .   s - +1 pair of gloves
Will     .....                  (no boots)
Stlth    ..........             (no amulet)
HPRegen  0.27/turn              h - +6 ring of intelligence
MPRegen  0.16/turn              (no ring)

@: petrified, very slow
A: talons 1, agile 2, screaming 1
a: Renounce Religion, Bend Time, Temporal Distortion, Slouch, Step From Time


You were on level 11 of the Dungeon.
You worshipped Cheibriados.
Cheibriados was extremely pleased with you.
You visited 2 branches of the dungeon, and saw 12 of its levels.

You collected 664 gold pieces.
You spent 20 gold pieces at shops.

Inventory:

Hand Weapons
 a - a +1 war axe of freezing
 d - a +3 hand axe of electrocution
 k - the +4 war axe of Deflation (weapon) {drain, rC+}
   (You acquired it on level 7 of the Dungeon)

   A truly terrible weapon, it drains the life of any living foe it strikes.
   rC:        It protects you from cold.
 r - a +2 mace of holy wrath
Armour
 b - a +0 chain mail (worn)
 c - a +0 kite shield (worn)
 f - a +0 cloak of stealth (worn)
 s - a +1 pair of gloves (worn)
Jewellery
 h - a +6 ring of intelligence (left hand)
Wands
 l - a wand of flame (31)
 t - a wand of iceblast (5)
 u - a wand of paralysis (2)
Scrolls
 i - 4 scrolls of identify
 m - 2 scrolls of enchant weapon
 v - a scroll of silence
 w - 2 scrolls of immolation
Potions
 e - 2 potions of lignification {unknown}
 g - 4 potions of brilliance
 j - 2 potions of attraction
 n - 2 potions of mutation
 o - a potion of invisibility {unknown}
 p - 8 potions of ambrosia
 A - a potion of experience {unknown}


   Skills:
 + Level 12.3 Fighting
 + Level 13.7 Axes
 - Level 5.1 Armour
 - Level 5.2 Shields
 + Level 11.9 Invocations


You had 10 spell levels left.
You didn't know any spells.
Your spell library contained the following spells:

 Spells                   Type           Power      Damage    Failure   Level
 Animate Skeleton         Necr           0%         N/A       90%         1
 Apportation              Tloc           0%         N/A       90%         1
 Corona                   Hex            0%         N/A       90%         1
 Pain                     Necr           0%         1d4       90%         1
 Sting                    Tmut/Pois      0%         1d3       90%         1
 Summon Small Mammal      Summ           0%         N/A       90%         1
 Ensorcelled Hibernation  Hex/Ice        0%         N/A       97%         2
 Poisonous Vapours        Pois/Air       0%         N/A       97%         2
 Stone Arrow              Conj/Erth      0%         3d7       99%         3
 Tukima's Dance           Hex            0%         N/A       99%         3
 Vampiric Draining        Necr           0%         2d6       99%         3
 Animate Armour           Summ/Erth      0%         N/A       100%        4
 Olgreb's Toxic Radiance  Pois           0%         N/A       100%        4
 Lehudib's Crystal Spear  Conj/Erth      0%         10d2      100%        8


Dungeon Overview and Level Annotations

Branches:
Dungeon (11/15)            Temple (1/1) D:5            Lair (0/6) D:9
    Orc (0/2) D:11

Altars:
Ashenzari
Cheibriados
Dithmenos
Elyvilon
Fedhas
Gozag
Hepliaklqana
Kikubaaqudgha
Makhleb
Nemelex Xobeh
Okawaru
Qazlal
Ru
Sif Muna
Trog
Uskayaw
Vehumet
Wu Jian
Xom
Yredelemnul
Zin
The Shining One

Shops:
D:1 *   D:11 ([

Annotations:
D:10 2 runed translucent doors
D:11 Urug


Innate Abilities, Weirdness & Mutations

You have sharp toenails.
You are very agile. (Dex +4)
You occasionally shout uncontrollably at your foes.


Message History

You slice the two-headed ogre!! You claw the two-headed ogre.
The two-headed ogre is heavily wounded.
The two-headed ogre hits you with a +0 giant club.
* * * LOW HITPOINT WARNING * * *
The two-headed ogre hits you with a +0 giant club!
* * * LOW HITPOINT WARNING * * *
You feel much better.
The two-headed ogre hits you with a +0 giant club!!
* * * LOW HITPOINT WARNING * * *
You block the two-headed ogre's attack.
As you read the scroll of teleportation, it crumbles to dust.
You feel strangely unstable.
You block the two-headed ogre's attack. x2
Your surroundings suddenly seem different.
A two-headed ogre comes into view. It is wielding two +0 giant clubs.
The two-headed ogre shouts in stereo!
A basilisk comes into view.
The basilisk hisses angrily.
You hear an angry buzzing noise.
The basilisk gazes at you.
You are slowing down.
The basilisk bites you!
* * * LOW HITPOINT WARNING * * *
Urug the Orcish Ballista comes into view.
She is wielding a +3 vorpal broad axe and carrying a wand of iceblast (4).
Your limbs are stiffening.
Found 11 poisoned darts and 18 gold pieces.
You feel better.
A vampire mosquito comes into view.
The basilisk bites you.
* * * LOW HITPOINT WARNING * * *
You have turned to stone.
The vampire mosquito buzzes angrily.
You hear an angry buzzing noise.
The basilisk gazes at you. You resist with some effort.
The basilisk bites you but does no damage.
A vampire mosquito comes into view.
You feel a yell rip itself from your throat, but you make no sound!
The vampire mosquito bites you!
* * * LOW HITPOINT WARNING * * *
The basilisk bites you!
You die...

##.....y.....#
##...$.........
#..............
#.......(......
#......o.......
#.......O......
#......y.......
#.....l@.......
##.............
##.....#......
############.


You could see Urug, a two-headed ogre, a basilisk and 2 vampire mosquitoes.

Vanquished Creatures
  A boulder beetle (D:8)
  2 two-headed ogres
  Pikel (D:6)
  Maurice (D:10)
  A gargoyle (D:10)
  A komodo dragon (D:9)
  A queen bee (D:10)
  A troll (D:10)
  3 hornets
  Sigmund (D:3)
  A shadow (D:10)
  A wyvern (D:9)
  7 yaks (D:10)
  Grum (D:10)
  2 steam dragons (D:8)
  Menkaure (D:7)
  9 orc warriors
  3 sky beasts (D:7)
  A black bear (D:3)
  A necrophage (D:5)
  3 wolves (D:10)
  3 centaurs
  2 kobold brigands (D:8)
  3 bullfrogs
  2 gnoll sergeants
  A scorpion (D:4)
  A water moccasin skeleton (D:7)
  A wyvern skeleton (D:7)
  27 killer bees
  4 wights (D:6)
  4 howler monkeys
  2 bullfrog zombies
  2 centaur zombies
  A hound (D:5)
  2 jellies (D:8)
  5 orc priests
  Crazy Yiuf (D:3)
  An iguana (D:6)
  Natasha (twice) (D:3)
  3 orc wizards (D:9)
  A killer bee zombie (D:9)
  2 hound skeletons (D:4)
  Robin (D:3)
  12 gnolls
  5 adders
  2 shadow imps
  An ufetubus (D:5)
  An adder zombie (D:5)
  An adder skeleton (D:4)
  5 worms
  4 dart slugs
  20 orcs
  4 ball pythons
  4 bats
  9 endoplasms
  3 giant cockroaches
  15 goblins
  8 hobgoblins
  16 jackals
  3 frilled lizards
  14 kobolds
  5 rats
246 creatures vanquished.

Vanquished Creatures (others)
  An orc wizard (D:10)
  38 plants (D:9)
39 creatures vanquished.

Grand Total: 285 creatures vanquished

Notes
Turn   | Place    | Note
-------+----------+-------------------------------------------
     0 | D:1      | Ijustatesigmund the Hill Orc Fighter began the quest for
                  | the Orb.
     0 | D:1      | Reached XP level 1. HP: 19/19 MP: 1/1
    54 | D:1      | Found Fisopi's General Store.
   222 | D:1      | Bought a scroll of identify for 20 gold pieces
   237 | D:1      | Reached skill level 3 in Axes
   243 | D:1      | Reached XP level 2. HP: 23/27 MP: 2/2
   432 | D:1      | Found a faded altar of an unknown god.
   661 | D:1      | Reached XP level 3. HP: 29/33 MP: 3/3
  1079 | D:2      | Found an opulent altar of Gozag.
  1308 | D:2      | Reached skill level 4 in Axes
  1312 | D:2      | Reached XP level 4. HP: 25/40 MP: 4/4
  1995 | D:3      | Noticed Sigmund
  2002 | D:3      | Killed Sigmund
  2003 | D:3      | Reached skill level 5 in Axes
  2003 | D:3      | Reached XP level 5. HP: 33/47 MP: 5/5
  2003 | D:3      | Reached XP level 6. HP: 38/55 MP: 6/6
  2103 | D:3      | Noticed Robin
  2122 | D:3      | Killed Robin
  2342 | D:3      | Gained mutation: You are agile. (Dex +2) [potion of
                  | mutation]
  2342 | D:3      | Gained mutation: Your body sometimes deteriorates upon
                  | taking damage. [potion of mutation]
  2342 | D:3      | Gained mutation: You have sharp toenails. [potion of
                  | mutation]
  2497 | D:3      | Found a large runed translucent door.
  2500 | D:3      | Found a large runed translucent door.
  2591 | D:3      | Found an iron altar of Okawaru.
  2599 | D:3      | Found a glowing silver altar of Zin.
  2766 | D:3      | Noticed Natasha
  2771 | D:3      | Killed Natasha
  2788 | D:3      | Noticed Natasha
  2792 | D:3      | Killed Natasha
  2793 | D:3      | Reached skill level 5 in Fighting
  2857 | D:3      | Found a runed translucent door.
  2858 | D:3      | Noticed Crazy Yiuf
  2865 | D:3      | Killed Crazy Yiuf
  2866 | D:3      | Reached skill level 6 in Axes
  3160 | D:4      | Noticed a black bear
  3168 | D:3      | Killed a black bear
  3169 | D:3      | Reached XP level 7. HP: 58/61 MP: 7/7
  3480 | D:4      | Reached skill level 7 in Axes
  3480 | D:4      | Reached skill level 5 in Armour
  3480 | D:4      | Reached skill level 5 in Shields
  3671 | D:5      | Entered Level 5 of the Dungeon
  3860 | D:5      | Lost mutation: Your body sometimes deteriorates upon taking
                  | damage. [potion of mutation]
  3860 | D:5      | Gained mutation: You occasionally shout uncontrollably at
                  | your foes. [potion of mutation]
  3860 | D:5      | Gained mutation: You are very agile. (Dex +4) [potion of
                  | mutation]
  4010 | D:5      | Found a staircase to the Ecumenical Temple.
  4022 | Temple   | Entered the Ecumenical Temple
  4286 | Temple   | Became a worshipper of Cheibriados the Contemplative
  4457 | D:5      | Identified the +4 chain mail "Pafyts" {rPois rF- MP+9
                  | Int-4}
  4470 | D:5      | Reached skill level 1 in Invocations
  4470 | D:5      | Reached XP level 8. HP: 68/70 MP: 7/9
  5023 | D:6      | Reached skill level 8 in Axes
  5030 | D:6      | Reached * piety under Cheibriados
  5257 | D:6      | Noticed Pikel
  5263 | D:6      | Killed Pikel
  5264 | D:6      | Reached skill level 9 in Axes
  5264 | D:6      | Reached skill level 5 in Invocations
  5437 | D:7      | Reached XP level 9. HP: 69/80 MP: 12/12
  5772 | D:7      | Identified a scroll of acquirement
  5772 | D:7      | Acquired the +4 war axe of Deflation {drain, rC+}
  5983 | D:7      | Noticed Menkaure
  5988 | D:7      | Killed Menkaure
  6237 | D:7      | Reached skill level 10 in Axes
  6596 | D:8      | HP: 2/82 [steam dragon (4)]
  7151 | D:8      | Noticed a boulder beetle
  7289 | D:9      | Reached ** piety under Cheibriados
  7334 | D:10     | Entered Level 10 of the Dungeon
  7410 | D:10     | Noticed a troll
  7419 | D:10     | Killed a troll
  7436 | D:10     | Reached skill level 11 in Axes
  7436 | D:10     | Reached XP level 10. HP: 27/91 MP: 16/16
  7438 | D:10     | Noticed Grum
  7443 | D:9      | HP: 1/91 [orc priest/divine providence (7)]
  7453 | D:8      | HP: 3/91 [kobold/stone (1)]
  7821 | D:8      | Killed a boulder beetle
  7822 | D:8      | Reached skill level 10 in Fighting
  7939 | D:10     | Killed Grum
  8188 | D:10     | Found a large runed translucent door.
  8189 | D:10     | Found a large runed translucent door.
  8194 | D:10     | Noticed a naga warrior
  8216 | D:10     | Reached skill level 12 in Axes
  8287 | D:10     | Noticed a naga warrior
  8432 | D:10     | Reached *** piety under Cheibriados
  8433 | D:10     | Reached skill level 10 in Invocations
  8771 | D:10     | Noticed a gargoyle
  8776 | D:10     | Killed a gargoyle
  8840 | D:10     | Noticed Maurice
  8846 | D:10     | Paralysed by Maurice for 4 turns
  8854 | D:10     | Paralysed by something for 6 turns
  8860 | D:10     | Killed Maurice
  8861 | D:10     | Reached XP level 11. HP: 102/102 MP: 18/18
  9072 | D:10     | Found a sacrificial altar of Ru.
  9135 | D:10     | Noticed a centaur warrior
  9356 | D:8      | Noticed a two-headed ogre
  9365 | D:8      | Killed a two-headed ogre
  9658 | D:8      | Found an ornate altar of the Wu Jian Council.
 10072 | D:9      | Reached skill level 13 in Axes
 10121 | D:9      | Reached **** piety under Cheibriados
 11913 | D:9      | Paralysed by a hornet for 1 turns
 12225 | D:9      | Found a staircase to the Lair.
 12493 | D:11     | Found Nitzime's Weapon Emporium.
 12494 | D:11     | Found a staircase to the Orcish Mines.
 12499 | D:11     | Found Deseamn's Armour Emporium.
 12506 | D:11     | Noticed a two-headed ogre
 12513 | D:11     | Noticed a two-headed ogre
 12514 | D:11     | Killed a two-headed ogre
 12514 | D:11     | Reached ***** piety under Cheibriados
 12525 | D:11     | Noticed a two-headed ogre
 12525 | D:11     | HP: 3/105 [basilisk (4)]
 12525 | D:11     | Noticed Urug
 12529 | D:11     | Slain by a basilisk

Illustrated notes

Levels and vault maps discovered:
D:1:      mrwooster_arrival_statue_3, layout_basic,
          hellmonk_ecumenical_altar_crossroads, serial_shops,
          nicolae_shop_statue_plus, chequers_serial_rivers_small_3
D:2:      layout_basic, basic_altar
D:3:      layout_basic, jmf_multi_god_temple2, uniq_robin, uniq_sigmund,
          uniq_natasha, uniq_crazy_yiuf_cottage
D:4:      layout_cave_pools, minmay_surrounded
D:5:      layout_basic, minmay_temple_entry_proselytizer
D:6:      layout_gridville, uniq_pikel
D:7:      layout_gridville, uniq_menkaure
D:8:      layout_loops_cross, lemuel_coloured_pillars_altar
D:9:      layout_rooms, david_lair_shrubbed, special_room [special_room_bee]
D:10:     okawaru_arena_lexackson, layout_stronghold,
          nicolae_ru_the_path_less_chosen, enter_bailey_6, st_stairs_2,
          uniq_grum, uniq_maurice
D:11:     layout_rooms, orc_david_3, doesnt_shop_hydraphobe, uniq_urug
Temple:   hc_temple_tempest_star

Skill      XL: |  1  2  3  4  5  6  7  8  9 10 11 |
---------------+----------------------------------+-----
Axes           | 3 4 5 6 7 9 11 12 13 | 13.7
Fighting       | 4 5 6 7 9 11 12 | 12.3
Armour         | 4 5 |  5.1
Shields        | 4 5 |  5.2
Invocations    | 1 5 8 10 11 | 11.9

Action                   |  1- 3 |  4- 6 |  7- 9 | 10-12 || total
-------------------------+-------+-------+-------+-------++-------
Melee: War axe           |    91 |    85 |    81 |   215 ||   472
       Kick              |       |    11 |    81 |   106 ||   198
       Unarmed           |       |     1 |       |       ||     1
       Hand axe          |       |       |   126 |       ||   126
Evoke: Wand              |       |       |     1 |     4 ||     5
  Use: Scroll            |     3 |     4 |     7 |     7 ||    21
       Potion            |       |     2 |     4 |     4 ||    10
Armor: Scale mail        |    71 |    49 |    40 |       ||   160
       Chain mail        |       |       |    68 |   130 ||   198
Dodge: Dodged            |    46 |    42 |    51 |    60 ||   199
Block: Kite shield       |    54 |    62 |   124 |   191 ||   431
